 Dungeon Crawl Stone Soup version 0.27-b1-16-g6517624 (webtiles) character file.

Game seed: 1474941709332309147

44 HDogLeCool the Shield-Bearer (level 3, 0/20 HPs)
             Began as a Gargoyle Fighter on July 30, 2021.
             Was a Plaything of Xom.
             Slain by Crazy Yiuf (4 damage)
             ... on level 2 of the Dungeon.
             The game lasted 00:03:59 (1849 turns).

HDogLeCool the Shield-Bearer (Gargoyle Fighter)     Turns: 1849, Time: 00:03:59

Health: 0/20       AC:  9    Str: 20    XL:     3   Next: 62%
Magic:  3/3        EV:  7    Int:  4    God:    Xom [*.....]
Gold:   85         SH:  9    Dex:  7    Spells: 2/2 levels left

rFire    . . .     SeeInvis .   h - +2 dagger (venom)
rCold    + . .     Faith    .   c - +0 kite shield
rNeg     + . .     Spirit   .   b - +0 scale mail
rPois    ∞         Reflect  .   (helmet restricted)
rElec    +         Harm     .   p - +0 cloak
rCorr    .         Rampage  .   (no gloves)
Will     +....                  f - +0 pair of boots
Stlth    ..........             (no amulet)
HPRegen  0.06/turn              (no ring)
MPRegen  0.08/turn              (no ring)

@: no status effects
A: sickness immunity, AC +3, negative energy resistance 1, electricity
resistance, torment resistance 1, petrification resistance, beak, talons 1,
clumsy 1, cold resistance 1, deformed body, dopey 2, frail 1, strong-willed 1,
screaming 1
a: Renounce Religion


You were on level 2 of the Dungeon.
You worshipped Xom.
You were a special plaything of Xom.
You visited 1 branch of the dungeon, and saw 2 of its levels.

You collected 85 gold pieces.

Inventory:

Hand Weapons
 a - a +0 flail
 h - a +2 dagger of venom (weapon)
Armour
 b - a +0 scale mail (worn)
 c - a +0 kite shield (worn)
 f - a +0 pair of boots (worn)
 p - a +0 cloak (worn)
Wands
 i - a wand of iceblast (5)
Scrolls
 e - 2 scrolls of identify {unknown}
 g - a scroll of brand weapon {unknown}
 j - 2 scrolls of enchant armour {unknown}
 l - a scroll of immolation {unknown}
 m - a scroll of torment {unknown}
 o - a scroll of vulnerability {unknown}
Potions
 d - a potion of might
 k - a potion of curing {unknown}
 n - 2 potions of brilliance {unknown}


   Skills:
 + Level 3.6 Fighting
 * Level 2.8 Maces & Flails
 + Level 3.5 Armour
 * Level 3.9 Shields


You had 2 spell levels left.
You didn't know any spells.
Your spell library was empty.

Dungeon Overview and Level Annotations

Branches:
Dungeon (2/15)

Altars:
Cheibriados
Xom

Shops:
D:1 (

Annotations:
D:2 Crazy Yiuf


Innate Abilities, Weirdness & Mutations

You are immune to sickness and miasma.
Your stone body is resilient. (AC +3)
You are immune to poison.
You resist negative energy. (rN+)
You are resistant to electric shocks. (rElec)
You are resistant to unholy torment.
You are immune to petrification.
You have a beak for a mouth.
You have sharp toenails.
You are clumsy. (Dex -2)
Your flesh is cold resistant. (rC+)
Armour fits poorly on your strangely shaped body.
You are very dopey. (Int -4)
You are frail. (-10% HP)
You are strong-willed. (Will+)
You occasionally shout uncontrollably at your foes.


Message History

Save game and exit?
Okay, then.
You swap places.
You swap places. "Let's go for a ride!"
Your surroundings suddenly seem different.
Found a snail-covered altar of Cheibriados.
Found a mace.
Found a runed translucent door.
Crazy Yiuf considers dialectic materialism.
Crazy Yiuf says, "It is extremely absurd to expect to be enlightened by reason, and yet to prescribe to it beforehand on which side it must incline."
There is an open door here.
There is an open door here.
Found a stone staircase leading down.
There is a stone staircase leading down here.
There is a stone staircase leading up here.
There is an open door here.
There is an open door here.
Crazy Yiuf shouts!
Could not explore, unopened runed door.
Could not explore, unopened runed door.
Your +2 dagger of venom begins to drip with poison!
h - a +2 dagger of venom (weapon)
As you open the door, it creaks loudly!
Crazy Yiuf heaves a sigh in contemplation.
You barely miss Crazy Yiuf. Crazy Yiuf closely misses you.
You hit Crazy Yiuf.
Crazy Yiuf is poisoned.
Crazy Yiuf is moderately wounded.
You block Crazy Yiuf's attack.
Your scale mail prevents you from hitting Crazy Yiuf.
You peck Crazy Yiuf, but do no damage.
Crazy Yiuf is moderately wounded.
Crazy Yiuf hits you with a +3 quarterstaff of chaos!
Ouch! That really hurt!
* * * LOW HITPOINT WARNING * * *
Crazy Yiuf freezes you.
* * * LOW HITPOINT WARNING * * *
You hit Crazy Yiuf but do no damage.
Crazy Yiuf is moderately wounded.
Crazy Yiuf hits you with a +3 quarterstaff of chaos.
You die...

.....##.#.##.###.....##........#.
..........#####....####........#.
########### #....# #.#...#.##.
#..P.# #.......... #.PP##
#.########. ##.## #.# #. #.##
#.### #. ##.# #...# #. #@## #...#
#. ##g# #...# #. #'# #...# ##.
... #.^.# #.. #...# ##### #.#
#..)# #.. #### ##### ### #..#
####### #.############# #..b...


You could see Crazy Yiuf (very poisoned).

Vanquished Creatures
  3 adders (D:2)
  2 ball pythons
  An endoplasm (D:1)
  2 giant cockroaches
  A hobgoblin (D:2)
  2 quokkas
  A frilled lizard (D:1)
  2 goblins (D:1)
  3 kobolds (D:1)
  2 rats (D:1)
19 creatures vanquished.

Notes
Turn   | Place    | Note
-------+----------+-------------------------------------------
     0 | D:1      | HDogLeCool the Gargoyle Fighter began the quest for the
                  | Orb.
     0 | D:1      | Reached XP level 1. HP: 14/14 MP: 1/1
   312 | D:1      | Reached XP level 2. HP: 16/19 MP: 2/2
   362 | D:1      | Found a faded altar of an unknown god.
   420 | D:1      | Became a worshipper of Xom of Chaos
   595 | D:1      | XOM: silly message
   689 | D:1      | XOM: god gift: wand of iceblast (5)
   774 | D:1      | XOM: give mutations
   774 | D:1      | Gained mutation: You have a beak for a mouth. [Xom's grace]
   774 | D:1      | Gained mutation: You have sharp toenails. [Xom's grace]
   774 | D:1      | Gained mutation: You are strong-willed. (Will+) [Xom's
                  | grace]
   896 | D:1      | XOM: give mutation
   896 | D:1      | Gained mutation: You have supernaturally acute eyesight.
                  | (SInv) [Xom's grace]
   913 | D:1      | Found Voalopha's Antique Weapon Boutique.
  1205 | D:2      | Reached XP level 3. HP: 23/23 MP: 3/3
  1231 | D:2      | XOM: noise
  1525 | D:2      | XOM: give mutations
  1525 | D:2      | Gained mutation: You are frail. (-10% HP) [Xom's mischief]
  1525 | D:2      | Gained mutation: You are clumsy. (Dex -2) [Xom's mischief]
  1525 | D:2      | Gained mutation: You occasionally shout uncontrollably at
                  | your foes. [Xom's mischief]
  1525 | D:2      | Lost mutation: You have supernaturally acute eyesight.
                  | (SInv) [Xom's mischief]
  1549 | D:2      | XOM: give mutations
  1549 | D:2      | Gained mutation: Armour fits poorly on your strangely
                  | shaped body. [Xom's mischief]
  1549 | D:2      | Gained mutation: You are dopey. (Int -2) [Xom's mischief]
  1549 | D:2      | Gained mutation: Your flesh is cold resistant. (rC+) [Xom's
                  | mischief]
  1549 | D:2      | Gained mutation: You are very dopey. (Int -4) [Xom's
                  | mischief]
  1565 | D:2      | XOM: scenery: summon butterflies
  1578 | D:2      | XOM: 1-stop teleportation journey
  1625 | D:2      | Found a snail-covered altar of Cheibriados.
  1661 | D:2      | Found a runed translucent door.
  1662 | D:2      | Noticed Crazy Yiuf
  1849 | D:2      | Slain by Crazy Yiuf

Illustrated notes

Levels and vault maps discovered:
D:1:      doesnt_arrival_eight_statues, layout_basic, serial_shops, shop,
          shapermc_ecumenical_altar_totnotflames, grunt_decor_mini_mirrors
D:2:      layout_loops_cross, basic_altar, kennysheep_generic_room_14,
          uniq_crazy_yiuf_cottage

Action                   || total
-------------------------++-------
Melee: Flail             ||    60
       Dagger            ||    14
       Peck              ||     6
Armor: Scale mail        ||    35
Dodge: Dodged            ||    19
Block: Kite shield       ||    37
